 Seeded DCSS version 0.31-a0-45-g5f0c076935 (webtiles) character file.

Game seed: 1007316256282069755 (custom seed)

30 edwardauron the Magician (level 3, 0/26 HPs)
             Began as a Draconian Earth Elementalist on May 22, 2023.
             Slain by a goblin
             ... wielding a +0 club
              (4 damage)
             ... on level 1 of the Dungeon.
             The game lasted 00:01:26 (966 turns).

edwardauron the Magician (DrEE)                      Turns: 966, Time: 00:01:26

Health: 0/26       AC:  5    Str: 10    XL:     3   Next: 5%
Magic:  1/7        EV: 12    Int: 17    God:
Gold:   40         SH:  0    Dex: 11    Spells: 7/8 levels left

rFire   . . .        e - +0 spear
rCold   . . .        (no shield)
rNeg    . . .        (body armour unavailable)
rPois   .            (helmet restricted)
rElec   .            (no cloak)
rCorr   .            (no gloves)
SInv    .            (no boots)
Will    .....        (no amulet)
Stlth   ++           (no ring)
HPRegen 0.24/turn    (no ring)
MPRegen 0.10/turn

%: no passive effects
@: no status effects
A: AC +5, unfitting armour, cold-blooded
a: no special abilities


You were on level 1 of the Dungeon.
You visited 1 branch of the dungeon, and saw 1 of its levels.

You collected 40 gold pieces.

Inventory:

Hand Weapons
 e - a +0 spear (weapon)
Scrolls
 b - a scroll of enchant weapon {unknown}
 c - a scroll of enchant armour {unknown}
 d - a scroll of identify {unknown}
 g - a scroll of immolation {unknown}
Potions
 a - a potion of magic
 f - a potion of might {unknown}


   Skills:
 - Level 1.7 Dodging
 - Level 1.7 Stealth
 + Level 3.3 Spellcasting
 - Level 1.0 Transmutations
 - Level 3.0 Earth Magic


You had 7 spell levels left.
You knew the following spells:

 Your Spells              Type           Power      Damage    Failure   Level
a - Sandblast             Erth           26%        2d8       4%          1

Your spell library contained the following spells:

 Spells                   Type           Power      Damage    Failure   Level
 Passwall                 Tmut/Erth      7%         N/A       11%         2
 Blink                    Tloc           4%         N/A       26%         2
 Lesser Beckoning         Tloc           4%         N/A       26%         2
 Momentum Strike          Conj/Tloc      4%         3d8       26%         2
 Stone Arrow              Conj/Erth      14%        3d7       26%         3
 Petrify                  Tmut/Erth      9%         N/A       58%         4


Dungeon Overview and Level Annotations

Branches:
Dungeon (1/15)

Altars:


Innate Abilities, Weirdness & Mutations

Your plain brown scales are hard. (AC +5)
You cannot fit into any form of body armour.
You are cold-blooded and may be slowed by cold attacks.


Message History

The goblin attacks as you move away! The goblin hits you with a +0 club.
* * * LOW HITPOINT WARNING * * *
There is an open door here.
Aiming: Sandblast (safe; 4% risk of failure)
Press: ? - help, Q - select action Shift-Dir - straight line, f - endoplasm
Aim: an endoplasm (98% to hit)
The blast of sand hits the endoplasm.
The endoplasm is moderately wounded.
The endoplasm closely misses you.
Aiming: Sandblast (safe; 4% risk of failure)
Press: ? - help, Q - select action Shift-Dir - straight line, f/p - endoplasm
Aim: an endoplasm (moderately wounded, 98% to hit)
The blast of sand hits the endoplasm!
You kill the endoplasm!
The kobold barely misses you.
Aiming: Sandblast (safe; 4% risk of failure)
Press: ? - help, Q - select action Shift-Dir - straight line, f - kobold
Aim: a kobold, wielding a +1 whip of electrocution (77% to hit)
The blast of sand hits the kobold.
The kobold is severely wounded.
The kobold hits you with a +1 whip of electrocution.
* * * LOW HITPOINT WARNING * * *
Aiming: Sandblast (safe; 4% risk of failure)
Press: ? - help, Q - select action Shift-Dir - straight line, f/p - kobold
Aim: a kobold, wielding a +1 whip of electrocution (severely wounded, 77% to hit)
The blast of sand hits the kobold but does no damage.
The kobold is severely wounded.
The kobold misses you. The kobold closely misses you.
Aiming: Sandblast (safe; 4% risk of failure)
Press: ? - help, Q - select action Shift-Dir - straight line, f/p - kobold
Aim: a kobold, wielding a +1 whip of electrocution (severely wounded, 77% to hit)
The blast of sand misses the kobold.
The kobold misses you.
Aiming: Sandblast (safe; 4% risk of failure)
Press: ? - help, Q - select action Shift-Dir - straight line, f/p - kobold
Aim: a kobold, wielding a +1 whip of electrocution (severely wounded, 77% to hit)
The blast of sand hits the kobold!
You kill the kobold!
The goblin hits you with a +0 club.
You die...

#.#..#####.....
#.#..........##
#.....########
##.......#.>.
#..#.##.#..###
#..#.##.##.##.
#..#.#..##.##.
######....#.###.##.
#.@...........#.##)
#g#######.#........
#######'####
#.#.....#..
#...$......#
#.##....#..
#.....†....#
#...####
#..........# ......
#..........#
########
#.........J+
#.$........#


You could see a goblin.

Vanquished Creatures
  A dart slug (D:1)
  4 endoplasms (D:1)
  A hobgoblin (D:1)
  8 jackals (D:1)
  A quokka (D:1)
  A ball python (D:1)
  4 bats (D:1)
  4 kobolds (D:1)
  4 rats (D:1)
28 creatures vanquished.

Notes
Turn   | Place    | Note
-------+----------+-------------------------------------------
     0 | D:1      | edwardauron the Draconian Earth Elementalist began the
                  | quest for the Orb.
     0 | D:1      | Reached XP level 1. HP: 14/14 MP: 3/3
   298 | D:1      | Reached XP level 2. HP: 20/20 MP: 3/5
   791 | D:1      | Reached XP level 3. HP: 26/26 MP: 4/7
   923 | D:1      | Found a faded altar of an unknown god.
   966 | D:1      | Slain by a goblin

Illustrated notes

Levels and vault maps discovered:
D:1:      psy_arrival_statuary, layout_basic,
          dreamdust_ecumenical_altar_angels_and_demons

Skill      XL: |  1  2 |
---------------+-------+-----
Spellcasting   | 3 |  3.3
Dodging        | |  1.7
Stealth        | |  1.7
Transmutations | |  1.0
Earth Magic    | |  3.0

Action                     || total
---------------------------++-------
  Melee: Spear             ||    21
         Tailslap          ||     1
   Cast: Sandblast         ||    39
   Stab: Sleeping          ||     1
 Armour: Skin              ||    16
  Dodge: Dodged            ||    33

Table legend: (Time is in decaauts)
 A = Elapsed time spent in this place.
 B = Non-inter-level travel time spent in this place.
 C = Inter-level travel time spent in this place.
 D = Time resting spent in this place.
 E = Time spent auto-exploring this place.
 F = Levels seen in this place.
 G = Mean time per level.
                   A        B        C        D        E       F      G
               +--------+--------+--------+--------+--------+-----+--------+
         Total |    986 |    973 |     13 |     46 |    762 |   1 |  986.0 |
       Dungeon |    986 |    973 |     13 |     46 |    762 |   1 |  986.0 |
               +--------+--------+--------+--------+--------+-----+--------+

Top non-repeatable levels by time:
     D:1: 986 daAuts
